 Dungeon Crawl Stone Soup version 0.27-a0-1184-ge86db4a01e (webtiles) character file.

Game seed: 10102989173199967150

9 ZappyNine the Sneak (level 2, -1/17 HPs)
             Began as a Vampire Brigand on May 18, 2021.
             Slain by a jackal (3 damage)
             ... on level 1 of the Dungeon.
             The game lasted 00:00:25 (206 turns).

ZappyNine the Sneak (Vampire Brigand)                Turns: 206, Time: 00:00:26

Health: -1/17      AC:  3    Str: 10    XL:     2   Next: 6%
Magic:  2/2        EV: 12    Int: 13    God:
Gold:   30         SH:  0    Dex: 15    Spells: 1/1 levels left

rFire    . . .     SeeInvis +   a - +2 dagger
rCold    + + .     Faith    .   (no shield)
rNeg     + + +     Spirit   .   b - +0 robe
rPois    ∞         Reflect  .   (no helmet)
rElec    .         Harm     .   c - +0 cloak
rCorr    .         Rampage  .   (no gloves)
Will     .....                  (no boots)
Stlth    +++++.....             (no amulet)
HPRegen  0.00/turn              (no ring)
MPRegen  0.08/turn              (no ring)

@: bloodless
A: bloodless, fangs 3, see invisible, vampiric 1
a: Revivify


You were on level 1 of the Dungeon.
You visited 1 branch of the dungeon, and saw 1 of its levels.

You collected 30 gold pieces.

Inventory:

Hand Weapons
 a - a +2 dagger (weapon)
Missiles
 d - 8 poisoned darts (quivered)
 e - 2 curare-tipped darts
Armour
 b - a +0 robe (worn)
 c - a +0 cloak (worn)
Scrolls
 f - a scroll of amnesia {unknown}


   Skills:
 - Level 1.7 Fighting
 + Level 2.5 Short Blades
 - Level 1.5 Throwing
 + Level 1.6 Dodging
 + Level 6.1 Stealth


You had one spell level left.
You didn't know any spells.
Your spell library was empty.

Dungeon Overview and Level Annotations

Branches:
Dungeon (1/15)

Altars:


Innate Abilities, Weirdness & Mutations

You do not regenerate when monsters are visible.
You are frail without blood (-20% HP).
You can heal yourself when you bite living creatures.
You are immune to poison.
You have razor-sharp teeth.
You have supernaturally acute eyesight. (SInv)
You are afflicted with vampirism.


Message History

The jackal bites you. The kobold hits you with a +0 club.
* * * LOW HITPOINT WARNING * * *
You hit the kobold.
You kill the kobold!
A jackal comes into view.
The jackal bites you but does no damage.
You have reached level 2!
A jackal comes into view.
The jackal closely misses you.
You aren't carrying any potions.
You closely miss the jackal. The jackal barely misses you. x2
The jackal barely misses you.
The jackal bites you but does no damage.
The jackal barks!
The jackal closely misses you.
The jackal bites you but does no damage.
The jackal bites you but does no damage.
You hit the jackal. Your bite misses the jackal.
The jackal is severely wounded.
The jackal bites you but does no damage.
You hit the jackal.
The jackal is lightly wounded.
The jackal completely misses you.
You hit the jackal.
The jackal is severely wounded.
The jackal closely misses you.
You hit the jackal.
You kill the jackal!
You hit the jackal but do no damage.
The jackal is severely wounded.
The jackal bites you but does no damage.
The jackal bites you.
* * * LOW HITPOINT WARNING * * *
You miss the jackal.
The jackal is severely wounded.
The jackal closely misses you.
You barely miss the jackal.
The jackal is severely wounded.
The jackal bites you.
You die...

###........
#.####### #.# #.#
####.#
.########....####
...................
.########.######..g
#@##.# ## #h#.#
##.# ##h.###..
####....#.#
...........#
.###.###...# #.#
##..# ).. #).......
##. #..######


You could see 2 jackals.

Vanquished Creatures
  An endoplasm (D:1)
  A giant cockroach (D:1)
  A hobgoblin (D:1)
  A jackal (D:1)
  2 kobolds (D:1)
  A quokka (D:1)
  A rat (D:1)
8 creatures vanquished.

Notes
Turn   | Place    | Note
-------+----------+-------------------------------------------
     0 | D:1      | ZappyNine the Vampire Brigand began the quest for the Orb.
     0 | D:1      | Reached XP level 1. HP: 16/16 MP: 1/1
   111 | D:1      | Reached skill level 6 in Stealth
   193 | D:1      | Reached XP level 2. HP: 4/17 MP: 2/2
   206 | D:1      | Slain by a jackal

Illustrated notes

Levels and vault maps discovered:
D:1:      lightli_arrival_isolated_outpost, layout_loops_ring,
          hellmonk_ecumenical_altar_inner_sanctum

Skill      XL: |  1 |
---------------+----+-----
Stealth        | 6 |  6.1
Fighting       | |  1.7
Short Blades   | |  2.5
Throwing       | |  1.5
Dodging        | |  1.6

Action                   || total
-------------------------++-------
Melee: Dagger            ||    23
 Abil: Exsanguinate      ||     1
 Stab: Sleeping          ||     5
Armor: Robe              ||     9
Dodge: Dodged            ||    12

Table legend: (Time is in decaauts)
 A = Elapsed time spent in this place.
 B = Non-inter-level travel time spent in this place.
 C = Inter-level travel time spent in this place.
 D = Time resting spent in this place.
 E = Time spent auto-exploring this place.
 F = Levels seen in this place.
 G = Mean time per level.
                   A        B        C        D        E       F      G
               +--------+--------+--------+--------+--------+-----+--------+
         Total |    209 |    209 |      0 |      0 |    142 |   1 |  209.0 |
       Dungeon |    209 |    209 |      0 |      0 |    142 |   1 |  209.0 |
               +--------+--------+--------+--------+--------+-----+--------+

Top non-repeatable levels by time:
     D:1: 209 daAuts
